 Dungeon Crawl Stone Soup version 0.29.1-4-g47bece8355 (webtiles) character file.

Game seed: 9986968393268765615

483 NotreDorf the Ducker (level 7, -3/55 HPs)
             Began as a Merfolk Gladiator on Dec 3, 2022.
             Was an Initiate of Vehumet.
             Slain by an orc warrior
             ... wielding a +0 dire flail
              (8 damage)
             ... on level 5 of the Dungeon.
             The game lasted 00:16:37 (3227 turns).

NotreDorf the Ducker (Merfolk Gladiator)            Turns: 3227, Time: 00:16:38

Health: -3/55      AC:  6    Str: 15    XL:     7   Next: 12%
Magic:  7/7        EV: 15    Int:  7    God:    Vehumet [......]
Gold:   100        SH:  0    Dex: 17    Spells: 6/6 levels left

rFire   . . .      SeeInvis .   w - +2 spear (flame)
rCold   . . .      Faith    .   (no shield)
rNeg    . . .      Spirit   .   b - +0 leather armour
rPois   .          Reflect  .   c - +0 helmet
rElec   .          Harm     .   (no cloak)
rCorr   .          Rampage  .   r - +0 pair of gloves
Will    .....                   p - +0 pair of boots
Stlth   +++.......              (no amulet)
HPRegen 0.18/turn               (no ring)
MPRegen 0.10/turn               (no ring)

@: no status effects
A: (nimble swimmer 2), mertail
a: Renounce Religion


You were on level 5 of the Dungeon.
You worshipped Vehumet.
Vehumet was noncommittal.
You visited 2 branches of the dungeon, and saw 6 of its levels.

You collected 220 gold pieces.
You spent 120 gold pieces at shops.

Inventory:

Hand Weapons
 w - a +2 spear of flaming (weapon)
Missiles
 d - 3 throwing nets (quivered)
 h - 9 poisoned darts
Armour
 b - a +0 leather armour (worn)
 c - a +0 helmet (worn)
 p - a +0 pair of boots (worn)
 r - a +0 pair of gloves (worn)
Wands
 q - a wand of flame (18)
Scrolls
 a - a scroll of enchant weapon {unknown}
 f - 10 scrolls of identify {unknown}
 g - a scroll of fear {unknown}
 l - 3 scrolls of teleportation {unknown}
 o - 2 scrolls of summoning {unknown}
 v - a scroll of poison {unknown}
Potions
 e - 2 potions of haste {unknown}
 i - a potion of ambrosia {unknown}
 j - a potion of heal wounds {unknown}
 k - a potion of invisibility {unknown}
 m - 2 potions of attraction {unknown}
 n - 3 potions of cancellation {unknown}
 t - 2 potions of brilliance {unknown}
 u - a potion of berserk rage {unknown}


   Skills:
 + Level 4.5 Fighting
 + Level 6.1 Polearms
 - Level 2.0 Throwing
 + Level 6.2 Dodging
 + Level 4.0 Stealth


You had 6 spell levels left.
You didn't know any spells.
Your spell library contained the following spells:

 Spells                   Type           Power      Damage    Failure   Level
 Animate Armour           Summ/Erth      0%         N/A       99%         4
 Statue Form              Tmut/Erth      0%         N/A       100%        6
 Dragon Form              Tmut           0%         N/A       100%        7


Dungeon Overview and Level Annotations

Branches:
Dungeon (5/15)             Temple (1/1) D:4

Altars:
Ashenzari
Elyvilon
Fedhas
Gozag
Kikubaaqudgha
Makhleb
Nemelex Xobeh
Okawaru
Qazlal
Ru
Trog
Uskayaw
Vehumet
Wu Jian
Xom
Yredelemnul

Shops:
D:2 [   D:4 (?


Innate Abilities, Weirdness & Mutations

((You are very nimble when in or above water. (Stealth+, EV+, Speed+++)))
Your lower body shifts to a powerful aquatic tail in water.


Message History

The orc warrior closely misses you.
You closely miss the orc warrior.
The orc warrior is lightly wounded.
You hit the orc warrior. You burn the orc warrior.
The orc warrior is moderately wounded.
The orc warrior completely misses you.
You hit the orc warrior but do no damage.
The orc warrior is moderately wounded.
The orc warrior hits you with a +0 dire flail!
You closely miss the orc warrior.
The orc warrior is moderately wounded.
The orc warrior hits you with a +0 dire flail!
You hit the orc warrior. You burn the orc warrior.
The orc warrior is heavily wounded.
The orc warrior hits you with a +0 dire flail.
* * * LOW HITPOINT WARNING * * *
You closely miss the orc warrior.
The orc warrior is heavily wounded.
You hit the orc warrior. You burn the orc warrior.
The orc warrior is heavily wounded.
The orc warrior barely misses you.
You barely miss the orc warrior.
The orc warrior is heavily wounded.
The orc warrior hits you with a +0 dire flail!
* * * LOW HITPOINT WARNING * * *
You hit the orc warrior. You burn the orc warrior.
The orc warrior is severely wounded.
The orc warrior misses you.
You hit the orc warrior but do no damage.
The orc warrior is severely wounded.
The orc warrior completely misses you.
You hit the orc warrior. You burn the orc warrior.
The orc warrior is severely wounded.
You barely miss the orc warrior.
The orc warrior is severely wounded.
The orc warrior closely misses you.
You hit the orc warrior but do no damage.
The orc warrior is severely wounded.
The orc warrior hits you with a +0 dire flail!
You die...

##+ .###..## ....... .
...... .. #...#
#..####...##...#########
#..............)........
#.....S........o.....?..
#....# #..###.@##..#####
#....###..###..##+##
#..................#
#..................+
#..................#
#..##.###..##..##.##
#..##.###..##..# .#
#..#............. .
#..#...............#


You could see an orc warrior.

Vanquished Creatures
  Sigmund (D:4)
  An ogre (D:4)
  A hound (D:4)
  An orc priest (D:5)
  Jessica (D:2)
  An iguana (D:5)
  An orc wizard (D:3)
  3 adders
  2 worms
  A dart slug (D:3)
  12 orcs
  7 endoplasms
  5 giant cockroaches
  6 goblins
  A hobgoblin (D:2)
  4 quokkas
  8 ball pythons
  6 bats
  2 frilled lizards
  5 kobolds
  2 rats (D:3)
71 creatures vanquished.

Notes
Turn   | Place    | Note
-------+----------+-------------------------------------------
     0 | D:1      | NotreDorf the Merfolk Gladiator began the quest for the
                  | Orb.
     0 | D:1      | Reached XP level 1. HP: 16/16 MP: 1/1
    62 | D:1      | Found a faded altar of an unknown god.
   148 | D:1      | Reached XP level 2. HP: 23/23 MP: 2/2
   200 | D:1      | Reached skill level 1 in Stealth
   743 | D:2      | Reached XP level 3. HP: 28/28 MP: 3/3
   830 | D:2      | Noticed Jessica
   838 | D:2      | Killed Jessica
  1043 | D:2      | Reached XP level 4. HP: 31/34 MP: 4/4
  1338 | D:2      | Found Keulehoh's Antique Armour Shoppe.
  1831 | D:3      | Found a sacrificial altar of Ru.
  1842 | D:3      | Reached skill level 5 in Polearms
  1842 | D:3      | Reached skill level 5 in Dodging
  1842 | D:3      | Reached XP level 5. HP: 41/41 MP: 5/5
  2289 | D:4      | Noticed Sigmund
  2301 | D:4      | Killed Sigmund
  2302 | D:4      | Reached XP level 6. HP: 42/48 MP: 6/6
  2699 | D:4      | Found a staircase to the Ecumenical Temple.
  2708 | Temple   | Entered the Ecumenical Temple
  2742 | Temple   | Became a worshipper of Vehumet
  2814 | D:4      | Found Xionut's Antique Weapon Emporium.
  2825 | D:4      | Bought a runed spear for 120 gold pieces
  2832 | D:4      | Got Duyx's Volume of the Altered Geologist
  2843 | D:4      | Found Ulam's Magic Scroll Shoppe.
  3072 | D:5      | Entered Level 5 of the Dungeon
  3107 | D:5      | Reached XP level 7. HP: 51/55 MP: 7/7
  3227 | D:5      | Slain by an orc warrior

Illustrated notes

Levels and vault maps discovered:
D:1:      matt_arrival_grand_opening, layout_loops_cross,
          nicolae_ecumenical_snake_handling
D:2:      layout_loops_ring, serial_shops, shop, uniq_jessica
D:3:      layout_loops_ring, nicolae_ru_great_annihilating_truth
D:4:      layout_basic, minmay_temple_entry_poolview, serial_shops,
          nicolae_shop_waterfront, shop_statue, uniq_sigmund
D:5:      layout_gridville
Temple:   compressed_dpeg_triangle_lava_temple

Skill      XL: |  1  2  3  4  5  6  7 |
---------------+----------------------+-----
Stealth        | 1 2 3 4 |  4.0
Fighting       | 3 4 |  4.5
Polearms       | 5 6 |  6.1
Dodging        | 5 6 |  6.2
Throwing       | |  2.0

Action                   |  1- 3 |  4- 6 |  7- 9 || total
-------------------------+-------+-------+-------++-------
Melee: Trident           |    82 |   129 |       ||   211
       Punch             |       |     3 |     2 ||     5
       Spear             |       |    31 |    27 ||    58
Throw: Throwing net      |       |     2 |       ||     2
 Stab: Sleeping          |     7 |     8 |     2 ||    17
       Distracted        |       |     1 |       ||     1
       Paralysed         |       |     1 |       ||     1
Armor: Leather armour    |    13 |    34 |       ||    47
Dodge: Dodged            |    46 |    78 |    12 ||   136
